 Dungeon Crawl Stone Soup version 0.17.2-1-ge4368a0 (webtiles) character file.

82 Goblin1989 the Ruffian (level 4, -1/35 HPs)
             Began as a Draconian Transmuter on Sept 27, 2016.
             Was an Initiate of Cheibriados.
             Killed by divine providence
             ... invoked by an orc priest
              (13 damage)
             ... on level 4 of the Dungeon.
             The game lasted 00:06:28 (2261 turns).

Goblin1989 the Ruffian (Draconian Transmuter)       Turns: 2261, Time: 00:06:29

Health: -1/35      AC:  5    Str: 14    XL:     4   Next: 21%
Magic:  7/7        EV: 12    Int: 15    God:    Cheibriados [......]
Gold:   213        SH:  0    Dex: 12    Spells: 3 memorised, 0 levels left

rFire  . . .     SeeInvis .       - Unarmed
rCold  . . .     Clarity  .     (armour unavailable)
rNeg   . . .     SustAt   .     (no shield)
rPois  .         Gourm    .     (helmet restricted)
rElec  .         Spirit   .     (no cloak)
rCorr  .         Warding  .     (no gloves)
rMut   .         Stasis   .     (no boots)
MR     .....                    (no amulet)
Stlth  +.........               (no ring)
                                (no ring)

@: very slow, not resistant to hostile enchantments, very unstealthy
A: unfitting armour, cold-blooded, AC +5
a: Bend Time, Renounce Religion


You were on level 4 of the Dungeon.
You worshipped Cheibriados.
Cheibriados was noncommittal.
You were not hungry.

You visited 2 branches of the dungeon, and saw 5 of its levels.

You collected 213 gold pieces.

Inventory:

Missiles
 a - 74 arrows (quivered)
Scrolls
 d - a scroll of enchant weapon {unknown}
 e - 2 scrolls of amnesia {unknown}
 g - 6 scrolls of identify {unknown}
 h - 2 scrolls of noise {unknown}
 j - 2 scrolls of recharging {unknown}
 k - 3 scrolls of teleportation {unknown}
 m - a scroll of random uselessness {unknown}
 p - a scroll of fog {unknown}
 q - 2 scrolls of remove curse {unknown}
Potions
 i - a potion of resistance {unknown}
 l - a potion of degeneration {unknown}
 n - a potion of heal wounds {@q2}
 o - a potion of cancellation {unknown}
 r - a potion of mutation {unknown}
Books
 b - a book of Changes

   Spells                             Type                      Level
   a - Beastly Appendage              Transmutation                1
   b - Sticks to Snakes               Transmutation                2
   c - Spider Form                    Transmutation/Poison         3
   d - Ice Form                       Ice/Transmutation            4
   e - Blade Hands                    Transmutation                5
Comestibles
 c - 3 bread rations
 f - a beef jerky
 s - a slice of pizza
 t - 2 meat rations


   Skills:
 - Level 1.1 Fighting
 - Level 1.7 Dodging
 * Level 5.1 Unarmed Combat
 - Level 2.0 Spellcasting
 - Level 2.0 Transmutations


You couldn't memorise any spells.
You knew the following spells:

 Your Spells              Type           Power        Failure   Level  Hunger
a - Beastly Appendage     Trmt           #.....       12%         1    #......
b - Sticks to Snakes      Trmt           #.........   14%         2    ###....
c - Ice Form              Ice/Trmt       #.......     97%         4    #####..


Dungeon Overview and Level Annotations

Branches:
Dungeon (4/15)             Temple (1/1) D:4

Altars:
Ashenzari
Cheibriados
Elyvilon
Gozag
Kikubaaqudgha
Makhleb
Nemelex Xobeh
Okawaru
Qazlal
Ru
Sif Muna
Trog
Vehumet
The Shining One

Annotations:
D:3 Goblin1989's ghost, weakling DsFi


Innate Abilities, Weirdness & Mutations

Your plain brown scales are hard (AC +5).
Your body does not fit into most forms of armour.
You are cold-blooded and may be slowed by cold attacks.


Message History

Something smites you!
The orc wizard mumbles some strange words.
The orc wizard blinks!
The orc wizard hits you but does no damage.
You closely miss the orc wizard.
The orc wizard hits you but does no damage.
You punch the orc wizard!
The orc wizard is heavily wounded.
The orc closely misses you.
You barely miss the orc wizard.
You tail-slap the orc wizard, but do no damage.
The orc wizard is heavily wounded.
The orc wizard barely misses you.
You hit the orc wizard.
The orc wizard is severely wounded.
The orc wizard hits you but does no damage.
The orc closely misses you.
The orc priest invokes the aid of Beogh against you.
Something smites you!
You die...

ਜਜਜਜਜਜ..ਜਜ.ਜਜ.ਜ.ਜ.ਜ..ਜ
........ਜਜ.ਜਜ.ਜ.ਜ.ਜਜ.ਜ ਜ
ਜਜਜਜਜਜਜ.........ਜ.ਜਜ.ਜ.ਜ
ਜਜ.ਜ.ਜਜਜ..ਜ.ਜਜ.ਜ.ਜ.ਜ ਜ.ਜ.ਜ
ਜ...........ਜ o ਜਜਜ.ਜ.ਜ
ਜ.ਜਜਜਜਜ.ਜਜਜਜਜ .. ਜ.....ਜ ਜ.ਜ
ਜ.ਜ.ਜਜ
...ਜਜਜ....ਜਜਜਜ.ਜਜਜਜਜ....ਜਜਜਜ
...o.........o.o@o.>.......▲
...ਜਜਜ.........ਜਜਜਜਜਜ...ਜਜਜਜ
.. ਜ.ਜ.ਜਜਜਜਜਜਜ ਜਜ.ਜਜ . ਜ.ਜਜਜ
ਜ.ਜ ਜ.ਜ ਜ.ਜ ਜ.ਜ ਜ.ਜ ਜ.. ਜ.ਜ
ਜਜ. ਜ.ਜ .


You could see an orc priest, an orc wizard and an orc.

Vanquished Creatures
  Terence (D:2)
  An adder (D:2)
  An ooze (D:1)
  A worm (D:3)
  2 giant geckos (D:1)
  An orc (D:4)
  7 bats
  A giant cockroach (D:1)
  3 hobgoblins
  4 kobolds
  A quokka (D:4)
  3 giant newts
  7 goblins
  5 rats
38 creatures vanquished.

Vanquished Creatures (collateral kills)
  2 goblins (D:2)
2 creatures vanquished.

Grand Total: 40 creatures vanquished

Notes
Turn   | Place    | Note
--------------------------------------------------------------
     0 | D:1      | Goblin1989 the Draconian Transmuter began the quest for the Orb.
     0 | D:1      | Reached XP level 1. HP: 16/16 MP: 3/3
   111 | D:1      | Reached XP level 2. HP: 21/23 MP: 5/5
   129 | D:1      | Learned a level 2 spell: Sticks to Snakes
   497 | D:1      | Reached skill level 4 in Unarmed Combat
   662 | D:1      | Reached XP level 3. HP: 13/28 MP: 6/6
   951 | D:2      | Found an iron altar of Okawaru.
  1027 | D:2      | Noticed Terence
  1044 | D:2      | Killed Terence
  1312 | D:2      | Reached XP level 4. HP: 32/35 MP: 7/7
  1325 | D:2      | Found a glowing golden altar of the Shining One.
  1788 | D:3      | Reached skill level 5 in Unarmed Combat
  1938 | D:3      | Noticed Goblin1989's ghost (weakling DsFi)
  1973 | D:4      | Found a staircase to the Ecumenical Temple.
  1982 | Temple   | Entered the Ecumenical Temple
  2045 | Temple   | Became a worshipper of Cheibriados the Contemplative
  2166 | D:4      | Learned a level 4 spell: Ice Form
  2261 | D:4      | Killed from afar by an orc priest

Action                   |  1- 3 |  4- 6 || total
-------------------------+-------+-------++-------
Melee: Unarmed           |   122 |    49 ||   171
 Cast: Beastly Appendage |     2 |       ||     2
       Sticks to Snakes  |     3 |       ||     3
 Stab: Distracted        |     2 |       ||     2
  Eat: Chunk             |     1 |     2 ||     3
       Royal jelly       |       |     1 ||     1

Vault maps used:
D:1:      lightli_arrival_quake, corexii_item_surrounded_by_moat
D:2:      wad_pebble_path, marbit_many_paths, kennysheep_okawaru_gauntlet,
          minivault_5, uniq_terence
D:3:      first_bread, minmay_box_of_dots
D:4:      minmay_temple_entry_steel_oval, uniq_blork_the_orc
Temple:   circular_temple_12
